 Dungeon Crawl Stone Soup version 0.30-a0-586-g23e55c9e0a (webtiles) character file.

Game seed: 15056369557053748917

998513 Mlamla the Conqueror (level 27, -3/327 HPs)
             Began as a Hill Orc Fighter on Dec 28, 2022.
             Was a Follower of Uskayaw.
             Slain by an ushabti (16 damage)
             ... on level 3 of the Tomb of the Ancients on Jan 3, 2023.
             The game lasted 10:03:49 (99008 turns).

Mlamla the Conqueror (Hill Orc Fighter)            Turns: 99008, Time: 10:03:49

Health: -3/327     AC: 40    Str: 29      XL:     27
Magic:  32/40      EV:  2    Int:  9      God:    Uskayaw [*.....]
Gold:   9140       SH: 30    Dex: 16 (18) Spells: 26/26 levels left

rFire   + + .      SeeInvis .    L - +6 broad axe "Xode" {protect, Fragile rN+ Int+3}
rCold   + . .      Faith    .    V - +0 tower shield "Celikk" {rF+ Will+ Regen+}
rNeg    + + +      Spirit   .    (body armour currently unavailable)
rPois   +          Reflect  +    (helmet currently unavailable)
rElec   .          Harm     .    (cloak currently unavailable)
rCorr   .          Rampage  .    (gloves currently unavailable)
Will    ++++.      NoTele   +    (boots currently unavailable)
Stlth   ++++++++                 M - amulet "Taghoari" {Reflect rPois Will+ Str+2 Int-5 SH+5}
HPRegen 1.54/turn                r - ring of Ymuwoaf {Fire rN++ Int-4 Dex+8}
MPRegen 0.27/turn                W - ring "Momnucot" {Drain Fly rC++ Int+7}

@: lethally poisoned (-3 -> -4), tree-form, marked, under a protective aura,
attractive, hasted and slowed, studying 4 skills
A: stationary, stasis, torment immunity, boosted hp, (horns 1), dopey 1, frail
2, passive freeze, (teleportitis 1), weak 2, inability to drink after injury 1,
MP-powered wands
}: 10/15 runes: decaying, slimy, silver, abyssal, demonic, glowing, magical,
fiery, dark, gossamer
a: Renounce Religion, Stomp


You were on level 3 of the Tomb of the Ancients.
You worshipped Uskayaw.
Uskayaw was exalted by your worship.
You were a tree.
You visited 15 branches of the dungeon, and saw 65 of its levels.
You visited Pandemonium 1 time, and saw 13 of its levels.
You visited the Abyss 2 times.
You also visited: Trove, Sewer, Gauntlet, Ice Cave and Wizlab.

You collected 12681 gold pieces.
You spent 3541 gold pieces at shops.

Inventory:

Hand Weapons
 k - the +12 broad axe of Iggirelo {spect, Str+3}
   (You found it in Pandemonium)

   When its wielder attacks, the weapon's spirit leaps out and strikes again.
   The spirit shares a part of any damage it takes with its wielder.
   Str:       It affects your strength (+3).
 A - the +7 war axe of the Hurting Shrike {venom, rElec Will+}
   (You found it on level 12 of the Dungeon)

   It poisons the flesh of those it strikes.
   rElec:     It insulates you from electricity.
   Will:      It increases your willpower.
 L - the +6 broad axe "Xode" (weapon) {protect, Fragile rN+ Int+3}
   (You found it on level 15 of the Dungeon)

   It grants its wielder temporary protection when it strikes (+7 to AC).
   Int:       It affects your intelligence (+3).
   rN:        It protects you from negative energy.
   Fragile:   It will be destroyed if unequipped.
 N - a +8 eveningstar of freezing
Missiles
 G - 6 throwing nets
 H - 7 boomerangs of dispersal
Armour
 c - the +5 kite shield "Buymiff" {Rampage Will+}
   (You took it off a minotaur in a Gauntlet)

   Rampage:   It bestows one free step when moving towards enemies.
   Will:      It increases your willpower.
 f - a +2 cloak of preservation (melded)
 o - the +1 pair of gloves of Good Intentions (melded) {rF++ Slay+5}
   (You bought it in a shop on level 1 of the Vaults)

   Slay:      It affects your accuracy & damage with ranged weapons and melee
   (+5).
   rF:        It greatly protects you from fire.
 u - +9 gold dragon scales (melded)
 D - the +3 pair of mountain boots (melded) {steadfast, rC+}
   (You found it on level 5 of the Pits of Slime)

   It prevents involuntary movement, except for blinking, teleportation, or
   banishment.
   rC:        It protects you from cold.
 V - the +0 tower shield "Celikk" (worn) {rF+ Will+ Regen+}
   (You found it in Pandemonium)

   rF:        It protects you from fire.
   Regen:     It increases your rate of health regeneration.
   Will:      It increases your willpower.
Jewellery
 d - the ring "Hero's Friend" {Fly rElec rC+ Str+2 Dex+2}
   (You found it in Pandemonium)

   [ring of flight]

   Str:       It affects your strength (+2).
   Dex:       It affects your dexterity (+2).
   rC:        It protects you from cold.
   rElec:     It insulates you from electricity.
   Fly:       It grants you flight.
 r - the ring of Ymuwoaf (left branch) {Fire rN++ Int-4 Dex+8}
   (You bought it in a shop on level 2 of the Orcish Mines)

   [ring of fire]

   It enhances your fire magic.
   Int:       It affects your intelligence (-4).
   Dex:       It affects your dexterity (+8).
   rF:        It protects you from fire.
   rC:        It makes you vulnerable to cold.
   rN:        It greatly protects you from negative energy.
 M - the amulet "Taghoari" (around neck) {Reflect rPois Will+ Str+2 Int-5 SH+5}
   (You found it on level 4 of the Lair of Beasts)

   [amulet of reflection]

   It reflects blocked missile attacks.
   Str:       It affects your strength (+2).
   Int:       It affects your intelligence (-5).
   rPois:     It protects you from poison.
   SH:        It affects your SH (+5).
   Will:      It increases your willpower.
 W - the ring "Momnucot" (right branch) {Drain Fly rC++ Int+7}
   (You found it on level 2 of the Vaults)

   [ring of flight]

   Int:       It affects your intelligence (+7).
   rC:        It greatly protects you from cold.
   Fly:       It grants you flight.
   Drain:     It drains your maximum health when unequipped.
Wands
 g - a wand of paralysis (112)
 y - a wand of acid (30)
 I - a wand of flame (61)
 J - a wand of digging (45)
 Z - a wand of iceblast (62)
Scrolls
 b - 4 scrolls of blinking
 i - 13 scrolls of fear
 l - 5 scrolls of magic mapping
 s - 15 scrolls of teleportation
 C - 4 scrolls of poison
 O - 6 scrolls of fog
 P - a scroll of silence
 S - 5 scrolls of torment
 Y - 12 scrolls of immolation
Potions
 e - 9 potions of invisibility
 n - 6 potions of cancellation
 p - 16 potions of heal wounds
 t - 33 potions of curing
 w - 10 potions of haste
 x - 7 potions of berserk rage
 B - 5 potions of resistance
 F - 5 potions of mutation
 K - 4 potions of magic
 Q - 10 potions of might
 R - a potion of attraction
 T - 2 potions of ambrosia
 U - 5 potions of lignification (quivered)
 X - a potion of flight
Miscellaneous
 a - a phantom mirror
 j - a tin of tremorstones (2/2)
 m - a lightning rod (4/4)
 q - a phial of floods
 v - a box of beasts
 z - a condenser vane
 E - the horn of Geryon


   Skills:
 O Level 27 Fighting
 O Level 27 Axes
 - Level 16.8(22.0) Maces & Flails
 * Level 26.1 Armour
 - Level 13.0 Dodging
 * Level 21.1 Stealth
 O Level 27 Shields
 O Level 27 Invocations
 * Level 18.0 Evocations


You had 26 spell levels left.
You didn't know any spells.
Your spell library contained the following spells:

 Spells                   Type           Power      Damage    Failure   Level
 Foxfire                  Conj/Fire      0%         2x1d4     38%         1
 Kiss of Death            Conj/Necr      0%         2d5       38%         1
 Magic Dart               Conj           0%         1d3       38%         1
 Necrotise                Necr           0%         1d4       38%         1
 Sandblast                Erth           0%         2d4       38%         1
 Shock                    Conj/Air       0%         1d3       38%         1
 Slow                     Hex            0%         N/A       38%         1
 Sting                    Tmut/Pois      0%         1d3       38%         1
 Summon Small Mammal      Summ           0%         N/A       38%         1
 Blink                    Tloc           0%         N/A       52%         2
 Call Imp                 Summ           0%         N/A       52%         2
 Cigotuvi's Dreadful Rot  Necr/Pois/Air  0%         N/A       52%         2
 Ensorcelled Hibernation  Hex/Ice        0%         N/A       52%         2
 Momentum Strike          Conj/Tloc      0%         3d8       52%         2
 Passwall                 Tmut/Erth      0%         N/A       52%         2
 Poisonous Vapours        Pois/Air       0%         N/A       52%         2
 Searing Ray              Conj           0%         2d4       52%         2
 Sublimation of Blood     Necr           0%         N/A       52%         2
 Call Canine Familiar     Summ           0%         N/A       77%         3
 Confusing Touch          Hex            0%         N/A       77%         3
 Dazzling Flash           Conj/Hex       0%         N/A       77%         3
 Frozen Ramparts          Ice            0%         1d1       77%         3
 Gell's Gravitas          Tloc           0%         N/A       77%         3
 Hailstorm                Conj/Ice       0%         3d3       77%         3
 Ignite Poison            Fire/Tmut/Pois 0%         N/A       77%         3
 Inner Flame              Hex/Fire       0%         N/A       77%         3
 Kindle Blastsparks       Fire/Tloc/Air  0%         2d10      77%         3
 Lesser Beckoning         Tloc           0%         N/A       77%         3
 Mephitic Cloud           Conj/Pois/Air  0%         N/A       77%         3
 Ozocubu's Armour         Ice            0%         N/A       77%         3
 Portal Projectile        Hex/Tloc       0%         N/A       77%         3
 Stone Arrow              Conj/Erth      0%         3d7       77%         3
 Summon Guardian Golem    Hex/Summ       0%         N/A       77%         3
 Swiftness                Air            0%         N/A       77%         3
 Teleport Other           Tloc           0%         N/A       77%         3
 Vampiric Draining        Necr           0%         2d6       77%         3
 Vhi's Electric Charge    Tloc/Air       0%         N/A       77%         3
 Airstrike                Air            0%         2d(0-16)  99%         4
 Animate Armour           Summ/Erth      0%         N/A       99%         4
 Animate Dead             Necr           0%         N/A       99%         4
 Cause Fear               Hex            0%         N/A       99%         4
 Dispel Undead            Necr           0%         3d6       99%         4
 Flame Wave               Conj/Fire      0%         2d4       99%         4
 Fulminant Prism          Conj/Hex       0%         3d5       99%         4
 Ice Form                 Ice/Tmut       0%         N/A       99%         4
 Iskenderun's Mystic Bla  Conj/Tloc      0%         2d3       99%         4
 Leda's Liquefaction      Hex/Erth       0%         N/A       99%         4
 Manifold Assault         Tloc           0%         N/A       99%         4
 Olgreb's Toxic Radiance  Pois           0%         N/A       99%         4
 Petrify                  Tmut/Erth      0%         N/A       99%         4
 Sticky Flame             Conj/Fire      0%         2d3       99%         4
 Summon Ice Beast         Ice/Summ       0%         N/A       99%         4
 Summon Lightning Spire   Summ/Air       0%         N/A       99%         4
 Agony                    Necr           0%         N/A       100%        5
 Arcjolt                  Conj/Air       0%         1d10      100%        5
 Borgnjor's Vile Clutch   Necr/Erth      0%         N/A       100%        5
 Fireball                 Conj/Fire      0%         3d3       100%        5
 Freezing Cloud           Conj/Ice/Air   0%         6-21      100%        5
 Irradiate                Conj/Tmut      0%         3d11      100%        5
 Iskenderun's Battlesphe  Conj           0%         2d6       100%        5
 Lee's Rapid Deconstruct  Erth           0%         3d4*      100%        5
 Lightning Bolt           Conj/Air       0%         1d11      100%        5
 Metabolic Englaciation   Hex/Ice        0%         N/A       100%        5
 Silence                  Hex/Air        0%         N/A       100%        5
 Summon Forest            Summ/Tloc      0%         N/A       100%        5
 Summon Mana Viper        Hex/Summ       0%         N/A       100%        5
 Conjure Ball Lightning   Conj/Air       0%         3x3d6     100%        6
 Death Channel            Necr           0%         N/A       100%        6
 Dispersal                Tloc           0%         N/A       100%        6
 Eringya's Noxious Bog    Tmut/Pois      0%         N/A       100%        6
 Iron Shot                Conj/Erth      0%         9d1       100%        6
 Simulacrum               Ice/Necr       0%         N/A       100%        6
 Starburst                Conj/Fire      0%         6d3       100%        6
 Statue Form              Tmut/Erth      0%         N/A       100%        6
 Summon Cactus Giant      Summ           0%         N/A       100%        6
 Enfeeble                 Hex            0%         N/A       100%        7
 Monstrous Menagerie      Summ           0%         N/A       100%        7
 Orb of Destruction       Conj           0%         9d5       100%        7
 Ozocubu's Refrigeration  Ice            0%         4d7       100%        7
 Spellforged Servitor     Conj/Summ      0%         N/A       100%        7
 Storm Form               Tmut/Air       0%         N/A       100%        7
 Summon Hydra             Summ           0%         N/A       100%        7
 Borgnjor's Revivificati  Necr           0%         N/A       100%        8
 Discord                  Hex            0%         N/A       100%        8
 Disjunction              Tloc           0%         N/A       100%        8
 Ignition                 Fire           0%         3d3       100%        8
 Lehudib's Crystal Spear  Conj/Erth      0%         10d2      100%        8
 Maxwell's Capacitive Co  Air            0%         ∞         100%        8
 Necromutation            Tmut/Necr      0%         N/A       100%        8
 Chain Lightning          Conj/Air       0%         N/A       100%        9
 Death's Door             Necr           0%         N/A       100%        9
 Polar Vortex             Ice            0%         N/A       100%        9


Dungeon Overview and Level Annotations

Branches:
Dungeon (15/15)            Temple (1/1) D:7            Lair (5/5) D:10
  Swamp (4/4) Lair:3       Spider (4/4) Lair:3        Slime (5/5) Lair:4
    Orc (2/2) D:10            Elf (3/3) Orc:2        Vaults (5/5) D:14
  Crypt (3/3) Vaults:3       Tomb (3/3) Crypt:3      Depths (4/4) D:15
   Hell (visited)             Dis (5/7) Hell            Geh (0/7) Hell
    Coc (0/7) Hell            Tar (0/7) Hell            Zot (5/5) Depths:4
  Sewer (visited)           IceCv (visited)          WizLab (visited)
Gauntlet (visited)

Altars:
Ashenzari
Cheibriados
Fedhas
Gozag
Hepliaklqana
Kikubaaqudgha
Makhleb
Nemelex Xobeh
Okawaru
Sif Muna
Trog
Uskayaw
Vehumet
Wu Jian
Yredelemnul
The Shining One
Beogh
Lugonu

Shops:
D:4 (   D:6 *!   D:8 *   Orc:2 ::*=   Elf:2 (   Vaults:1 *[(*   Vaults:4 :
Depths:3 (!!

Portals:
Hell: Depths:1 Depths:2 Depths:3 Depths:4
Abyss: Orc:1 Depths:2 Depths:3
Pandemonium: Depths:1 Depths:2 Depths:3
Ziggurat: Depths:1

Annotations:
Tomb:3 Boris


Innate Abilities, Weirdness & Mutations

You are a tree.
Your roots penetrate the ground, keeping you stationary.
You cannot be teleported.
You are immune to unholy pain and torment.
Your maximum health is greatly increased.
Your equipment is partially melded.
((You have a pair of small horns on your head.))
You are dopey. (Int -2)
You are very frail. (-20% HP)
A frigid envelope surrounds you and freezes all who hurt you.
((You are occasionally teleported next to monsters.))
You are very weak. (Str -4)
You occasionally lose the ability to drink potions when taking damage.
You expend magic power (3 MP) to strengthen your wands.


Message History

The ushabti is attracted toward you.
You are stuck in your current form!
Found 23 gold pieces.
You are stuck in your current form! x2
You are stuck in your current form! x4
As you read the scroll of summoning, it crumbles to dust.
Wisps of shadow whirl around you...
You are stuck in your current form! x2
You feel sick.
The death scarab bites your guardian mummy!!
You block the death scarab's attack. x2
The death scarab bites your mummy priest!!
The death scarab drains your mummy priest's vigour!
Your mummy priest seems to slow down.
The death scarab barely misses your mummy priest.
The death scarab bites your guardian mummy!
The death scarab bites your mummy priest!!
The death scarab drains your mummy priest's vigour!
Your mummy priest seems to slow down.
Something bites your mummy!!
Your mummy is destroyed!
Your mummy dissolves into shadows!
The death scarab barely misses your mummy priest.
The death scarab bites your mummy priest!!
Your mummy priest is destroyed!
Your mummy priest dissolves into shadows!
The royal mummy points at you and mumbles some strange words.
Something smites you!
You are stuck in your current form! x2
* * * LOW HITPOINT WARNING * * *
The royal mummy hits you but does no damage.
The royal mummy resists.
The royal mummy is very cold.
The royal mummy is moderately damaged.
You block the ancient champion's attack.
The death scarab bites your guardian mummy!!
Your guardian mummy is destroyed!
Your guardian mummy dissolves into shadows!
The guardian mummy hits you but does no damage.
The guardian mummy resists.
The guardian mummy is very cold.
The guardian mummy is heavily damaged.
The ushabti shakes and rattles deafeningly!
The ushabti hits you!
You die...

*####* ######## ******* **$$$$#*
#§§§...# **,,,,,*
**,$$$$.#*#......#**,,,,,,,
**,,$/$$..*#.§....#*,,,,,,,,
**,,,$=(...##BL§.§§#*,,§,,,,,
**,,,,,,..§M.#.§M.§.#,zz.,,,,,
**,,,,,,,,,§.9#zB^.§.#.§..,,,,,
**,,,,,,,$.^.§B♣BB§M.9§§§.§,,,,,
*,,,,,,,$.....M#MBMz†☼#...,,,,,,
*,,,,,,,.....BB#ZBM9§.#.?...,,^,
*,,,,,,,.....§##†{M§.§#*....^,,,
*,,,,,,,.....B*#.9§§§§#*,...,,,,
*,,,,,,,...§.##..§§§§§§#*...^,,,
**,,,,,,...<##.§z.§§§M.§**<,,,,,
*,,,,,,...##...^9.§.....**,,,,,
**,,,,,,,**.§.§§§...M...§**,,,,


You could see 2 royal mummies, a lich (fast), an ancient champion (fast), 4
guardian mummies, 4 ushabtiu, 9 death scarabs, 2 flying skulls, a seven-headed
hydra zombie (summoned) and a friendly mummy (summoned).

Vanquished Creatures
  Cerebov (Pan)
  the Royal Jelly (Slime:5)
  Gloorx Vloq (Pan)
  Dissolution (Slime:5)
  Mnoleg (Pan)
  Lom Lobon (Pan)
  3 dread liches
  8 ancient liches
  Mara (Swamp:3)
  6 orbs of fire
  21 royal mummies
  5 juggernauts
  Josephina (Crypt:2)
  3 Killer Klowns
  3 curse toes
  10 caustic shrikes
  Geryon (Hell)
  Xtahua (Depths:4)
  11 golden dragons
  Nikola (Vaults:1)
  Arachne (Spider:3)
  3 electric golems
  5 pandemonium lords (Pan)
  4 Brimstone Fiends (Pan)
  3 bone dragons
  2 Tzitzimimeh
  A shard shrike zombie (Abyss:2)
  The ghost of Corraure the Unseen, an adept FoFi of Okawaru (Vaults:4)
  A hellephant (Abyss:6)
  6 doom hounds (Hell)
  Jorgrun (Orc:1)
  An iron giant (Dis:2)
  6 Hell Sentinels
  2 Ice Fiends (Pan)
  Zenata (Elf:3)
  14 tentacled monstrosities
  3 deep elf blademasters
  10 titans
  25 Orb Guardians (Zot:5)
  A walking divine tome (Depths:4)
  10 liches
  Asterion (Vaults:3)
  23 acid blobs
  7 quicksilver dragons
  The ghost of WienerDreamer the Warrior, an adept MiFi of Okawaru (Spider:4)
  2 deep elf master archers (Elf:3)
  5 death cobs
  12 tentacled starspawn
  13 ancient champions
  6 sphinxes
  The ghost of EnegeticOcto the Eclecticist, an adept DjGl of the Shining One (Spider:3)
  20 Executioners (Pan)
  3 thorn hunters
  A demonspawn warmonger (Pan)
  11 shadow dragons
  13 tengu reavers
  19 storm dragons
  Roxanne (Elf:1)
  7 azure jellies
  8 draconian monks
  10 deep elf sorcerers
  15 rockslimes
  5 iron dragons
  2 daevas
  10 draconian knights
  Aizul (Spider:4)
  8 fire giants
  12 frost giants
  A quicksilver elemental (Dis:2)
  7 revenants
  6 draconian scorchers
  A shard shrike simulacrum (Abyss:4)
  A ghost moth (shapeshifter) (Vaults:4)
  24 balrugs
  10 ghost moths
  20 vault wardens
  An angel (Abyss:5)
  5 emperor scorpions
  A caustic shrike zombie (Crypt:2)
  2 curse skulls (Pan)
  5 ghouls (Crypt:1)
  4 deep elf elementalists (Elf:3)
  10 reapers
  The ghost of LetschGu the Thaumaturge, an adept SpVM of Vehumet (Elf:2)
  30 cacodemons
  5 orc warlords
  2 spriggan defenders (Depths:2)
  4 draconian shifters
  13 quicksilver oozes
  6 draconian annihilators
  7 broodmothers
  A demonspawn corrupter (Pan)
  47 very ugly things
  A demonspawn blood saint (Pan)
  4 draconian stormcallers
  21 ironbound preservers
  A caustic shrike skeleton (Crypt:2)
  12 war gargoyles
  2 juggernaut skeletons
  5 ironbound thunderhulks
  19 stone giants
  5 vampire knights
  2 bennus (Tomb:1)
  3 eleionomae
  5 demonspawn black suns (Pan)
  27 starcursed masses
  7 deep elf demonologists
  7 black draconians
  15 purple draconians
  12 white draconians
  11 green draconians
  3 bunyips (Swamp:2)
  7 deep elf annihilators
  A minotaur (Gauntlet)
  The ghost of Hirum the Stormcaller, a journeyman FeAE of Ashenzari (Spider:4)
  7 dire elephants
  7 spark wasps
  8 red draconians
  11 yellow draconians
  9 green deaths
  5 eidola
  10 deep elf death magi
  9 lorocyprocas
  19 blizzard demons
  16 mummy priests
  6 iron golems
  Snorg (Lair:4)
  A quicksilver dragon zombie (Depths:2)
  4 crystal guardians
  20 ettins
  8 fire dragons
  22 yaktaur captains
  2 merfolk javelineers
  5 deep elf high priests
  A spriggan zombie (Crypt:2)
  5 jiangshi
  14 great orbs of eyes
  A merfolk impaler (Depths:1)
  6 shambling mangroves
  Harold (Orc:1)
  8 entropy weavers
  36 vault guards
  21 hydras
  15 ice dragons
  7 ogre magi
  15 hell beasts
  A quicksilver dragon skeleton (Pan)
  9 rakshasas
  3 jorogumos
  A spectral fenstrider witch (Crypt:2)
  A jorogumo (shapeshifter) (Vaults:5)
  A ghost crab (Swamp:4)
  A catoblepas (Gauntlet)
  A caustic shrike simulacrum (IceCv)
  8 centaur warriors
  12 ironbound frosthearts
  4 spriggan air magi
  A fenstrider witch skeleton (Crypt:3)
  2 spriggan skeletons
  11 boulder beetles
  A radroach (Spider:4)
  3 peacekeepers
  A two-headed ogre (shapeshifter) (Elf:3)
  12 two-headed ogres
  4 tengu warriors
  7 death yaks
  A naga warrior (Abyss:6)
  A satyr (Abyss:5)
  9 alligators
  9 deep troll shamans
  3 spriggan berserkers
  13 thrashing horrors
  3 shock serpents (Pan)
  5 vampire magi
  A spectral stone giant (Crypt:2)
  21 dancing weapons
  15 hell hogs
  57 death scarabs
  25 deep troll earth magi
  An orc high priest (Elf:1)
  28 soul eaters
  3 hell knights
  A sun moth (Spider:2)
  20 deep elf knights
  2 titan skeletons (Pan)
  3 crystal echidnas
  13 wretched stars
  62 sun demons
  9 shadow wraiths
  15 skeletal warriors
  5 goliath frogs
  14 iron trolls
  69 deep trolls
  A spatial maelstrom (Abyss:5)
  5 spriggan druids
  6 pharaoh ants
  A deep troll (shapeshifter) (Depths:3)
  20 sixfirhies
  2 bunyip zombies (Crypt:2)
  7 steelbarb worms
  9 flayed ghosts
  An obsidian statue (IceCv)
  5 death drakes
  10 orb spiders
  3 glowing orange brains
  13 bog bodies
  21 orc knights
  14 swamp dragons
  2 quicksilver dragon simulacra
  2 anaconda zombies (Hell)
  A bunyip skeleton (Pan)
  21 ironbound convokers
  2 orange crystal statues
  A golden dragon skeleton (Pan)
  8 phantasmal warriors
  A lindwurm (shapeshifter) (Vaults:5)
  A shadow demon (Pan)
  13 wizards
  11 lindwurms
  4 spriggan simulacra
  A goliath frog zombie (Crypt:1)
  34 deep elf pyromancers
  15 deep elf archers
  9 necromancers
  2 spectral ettins (Crypt:2)
  An oklob plant (Lair:3)
  A stone giant zombie (Tomb:2)
  19 deep elf zephyrmancers
  24 wolf spiders
  16 shining eyes
  3 anaconda skeletons
  2 orc sorcerers (Elf:1)
  2 eleionoma zombies
  57 ugly things
  A sphinx zombie (Crypt:3)
  3 manticores
  A salamander (D:15)
  A shock serpent zombie (Crypt:1)
  7 cyclopes
  2 frost giant zombies (Depths:2)
  A spectral centaur (Gauntlet)
  12 elephants
  28 moths of wrath
  5 rust devils (Hell)
  3 stone giant skeletons
  2 will-o-the-wisps (Swamp:3)
  5 worldbinders
  A centaur zombie (Gauntlet)
  33 smoke demons
  39 orange demons
  3 black mambas
  13 demonic crawlers
  A guardian serpent (Lair:5)
  An eye of devastation (Slime:1)
  A naga mage (Abyss:6)
  2 water nymphs (Abyss:5)
  3 apocalypse crabs
  21 vault sentinels
  3 dire elephant zombies
  2 ice statues (Hell)
  18 cane toads
  Maggie (D:6)
  3 gargoyles
  An alligator snapping turtle zombie (Crypt:1)
  7 torpor snails
  3 unseen horrors
  2 dire elephant skeletons (Hell)
  A centaur skeleton (Pan)
  2 alligator snapping turtle skeletons (Pan)
  2 kobold demonologists
  A sea snake zombie (Hell)
  An unseen horror (shapeshifter) (D:15)
  11 komodo dragons
  11 efreet
  38 yaktaurs
  4 anaconda simulacra (IceCv)
  A minotaur zombie (Crypt:1)
  A yaktaur (shapeshifter) (D:14)
  4 rime drakes
  5 tormentors
  8 red devils
  2 golden dragon simulacra (IceCv)
  An iron giant simulacrum (Hell)
  16 freezing wraiths
  A hydra zombie (Crypt:2)
  2 harpy zombies (Abyss:4)
  3 spectral harpies (Crypt:2)
  5 trolls
  6 ancient zymes
  A purple draconian skeleton (Crypt:3)
  28 hellwings
  7 ice devils
  A bloated husk (Swamp:4)
  4 meliai
  33 guardian mummies
  A polar bear (Lair:4)
  A meliai (shapeshifter) (Elf:2)
  A white draconian skeleton (Crypt:3)
  33 tarantellas
  A slime creature (shapeshifter) (Vaults:4)
  9 tyrant leeches
  3 hydra skeletons
  A blink frog (shapeshifter) (D:15)
  2 ice dragon zombies
  A harpy skeleton (Pan)
  13 raiju
  A death drake skeleton (Crypt:2)
  16 hornets
  2 iron dragon simulacra (Crypt:2)
  95 slime creatures
  24 blink frogs
  A dream sheep (shapeshifter) (Elf:2)
  12 dream sheep
  A draconian simulacrum (Crypt:2)
  52 jumping spiders
  A meliai zombie (Gauntlet)
  3 stone giant simulacra (Crypt:2)
  25 culicivoras
  A jumping spider (shapeshifter) (D:14)
  4 air elementals
  An ettin skeleton (Pan)
  2 shadows
  2 centaur simulacra
  27 flying skulls
  4 wraiths
  16 ushabtiu
  3 dire elephant simulacra (IceCv)
  An ice dragon skeleton (Crypt:1)
  23 water elementals
  A vampire (D:9)
  10 humans (D:14)
  5 spriggans
  8 wyverns
  A hog (shapeshifter) (Abyss:2)
  22 ynoxinuls
  2 black mamba skeletons
  29 golden eyes
  40 yaks
  A basilisk (shapeshifter) (Depths:3)
  7 basilisks
  2 minotaur simulacra (IceCv)
  Grum (D:11)
  A steam dragon (Lair:3)
  14 vampire mosquitoes
  60 redbacks
  27 chaos spawn (Pan)
  A spatial vortex (Abyss:5)
  Edmund (D:5)
  29 neqoxecs
  8 harpy simulacra
  A two-headed ogre zombie (D:10)
  9 wargs
  A naga (Abyss:6)
  19 swamp worms
  21 water moccasins
  4 acid dragons
  53 large abominations
  A hydra simulacrum (IceCv)
  4 naga skeletons
  4 ettin simulacra
  9 swamp drakes
  An ice beast (D:6)
  2 black bears (D:5)
  22 orc warriors
  2 sky beasts (D:7)
  An alligator simulacrum (IceCv)
  A black mamba simulacrum (Crypt:2)
  23 wolves
  5 boggarts (D:14)
  27 ogres
  5 phantoms
  A centaur (D:11)
  3 kobold brigands
  An elf zombie (Elf:1)
  15 bullfrogs
  A gnoll sergeant (D:8)
  4 scorpions
  4 necrophages
  3 earth elementals
  A naga simulacrum (Crypt:2)
  A salamander skeleton (Crypt:3)
  7 wights
  A water moccasin skeleton (Crypt:2)
  30 killer bees
  A raiju zombie (Crypt:2)
  3 lindwurm simulacra (IceCv)
  6 howler monkeys
  A polar bear skeleton (Crypt:1)
  12 electric eels
  A troll skeleton (Crypt:2)
  A wolf zombie (Crypt:2)
  8 crimson imps (Pan)
  16 small abominations
  4 hounds
  12 jellies
  2 gnoll boudas
  Crazy Yiuf (D:7)
  4 iron imps (Gauntlet)
  12 orc priests
  Jessica (D:2)
  An iguana (D:4)
  A hell rat (Depths:3)
  25 orc wizards
  7 ogre zombies (D:10)
  43 mummies
  17 gnolls
  A howler monkey skeleton (Crypt:3)
  18 adders
  A shadow imp (D:5)
  3 white imps
  3 ufetubi
  3 worms
  3 dart slugs
  73 orcs
  A bat skeleton (Crypt:3)
  13 endoplasms
  10 giant cockroaches
  6 goblins
  6 hobgoblins
  10 quokkas
  A river rat zombie (Crypt:2)
  12 ball pythons
  A bat (D:3)
  7 frilled lizards
  A goblin skeleton (D:10)
  A goblin zombie (D:10)
  3 hobgoblin skeletons (D:10)
  4 hobgoblin zombies (D:10)
  2 jackal skeletons
  15 kobolds
  4 orc skeletons (D:10)
  12 orc zombies (D:10)
  2 rats (D:3)
  3 ball lightnings (Pan)
  15 briar patches
  2 fire vortices (Hell)
  3 lurking horrors
  7 starspawn tentacles
3741 creatures vanquished.

Vanquished Creatures (collateral kills)
  A tengu reaver (Vaults:5)
  2 death scarabs (Tomb:2)
  3 tormentors (Dis:5)
  A guardian mummy (Tomb:2)
  A basilisk (shapeshifter) (Vaults:5)
8 creatures vanquished.

Vanquished Creatures (others)
  A golden dragon (Vaults:4)
  A draconian annihilator (Pan)
  An eleionoma (Swamp:4)
  A fire dragon (Depths:3)
  A deep elf knight (Elf:3)
  A soul eater (Pan)
  A spriggan druid (Swamp:4)
  A flayed ghost (Depths:2)
  A wizard (Pan)
  2 deep elf zephyrmancers
  2 bloated husks
  A harpy zombie (Hell)
  A chaos spawn (Depths:3)
  A swamp worm (Swamp:4)
  6 ball lightnings (Pan)
  4 briar patches
  6 bushes (D:14)
  4 demonic plants (D:10)
  2 foxfires (Swamp:3)
  24 fungi
  2 lurking horrors
  179 plants
  29 starspawn tentacles
  2 withered plants (Spider:3)
274 creatures vanquished.

Grand Total: 4023 creatures vanquished

Notes
Turn   | Place    | Note
-------+----------+-------------------------------------------
     0 | D:1      | Mlamla the Hill Orc Fighter began the quest for the Orb.
     0 | D:1      | Reached XP level 1. HP: 19/19 MP: 1/1
     1 | D:1      | Noticed a gargoyle
     2 | D:1      | Noticed an elf
     6 | D:1      | Noticed an elf
     7 | D:1      | Noticed a vine stalker
    13 | D:1      | Noticed a felid
    13 | D:1      | Noticed a demigod
    15 | D:1      | Noticed a gargoyle
    15 | D:1      | Noticed an octopode
    17 | D:1      | Noticed a merfolk
    17 | D:1      | Noticed a formicid
    19 | D:1      | Noticed a vampire
    54 | D:1      | Reached XP level 2. HP: 27/27 MP: 2/2
   459 | D:1      | Reached XP level 3. HP: 33/33 MP: 3/3
   739 | D:2      | Noticed Jessica
   750 | D:2      | Killed Jessica
   959 | D:2      | Reached XP level 4. HP: 39/40 MP: 4/4
  1637 | D:2      | Reached skill level 5 in Axes
  1637 | D:2      | Reached XP level 5. HP: 29/46 MP: 2/5
  1800 | D:3      | Found a broken altar of Ashenzari.
  1999 | D:3      | Found a glowing drain.
  2029 | Sewer    | Entered a sewer
  2315 | Sewer    | Reached XP level 6. HP: 43/52 MP: 6/6
  2375 | Sewer    | Reached skill level 1 in Dodging
  2669 | D:3      | Found an ornate altar of the Wu Jian Council.
  2669 | D:3      | Found a basalt altar of Yredelemnul.
  3329 | D:4      | Reached XP level 7. HP: 59/60 MP: 5/7
  3403 | D:4      | Found Qyzobb's Weapon Emporium.
  4104 | D:5      | Entered Level 5 of the Dungeon
  4222 | D:5      | Reached skill level 5 in Fighting
  4222 | D:5      | Reached skill level 5 in Armour
  4222 | D:5      | Reached XP level 8. HP: 54/68 MP: 5/8
  4603 | D:5      | Noticed Edmund
  4890 | D:5      | Killed Edmund
  4891 | D:5      | Reached skill level 10 in Axes
  5706 | D:6      | Noticed Maggie
  5842 | D:6      | Killed Maggie
  5843 | D:6      | Reached XP level 9. HP: 46/75 MP: 5/9
  6460 | D:6      | Found Dyel's Distillery.
  6460 | D:6      | Found Daxzaag's Assorted Antiques.
  6469 | D:6      | Reached skill level 5 in Shields
  6472 | D:6      | Bought 2 potions of heal wounds for 120 gold pieces
  6472 | D:6      | Bought a potion of mutation for 96 gold pieces
  6472 | D:6      | Bought a potion of degeneration for 12 gold pieces
  6472 | D:6      | Bought a potion of berserk rage for 60 gold pieces
  7099 | D:7      | Found a runed translucent door.
  7100 | D:7      | Noticed Crazy Yiuf
  7106 | D:7      | Killed Crazy Yiuf
  7201 | D:7      | Found a bloodstained altar of Trog.
  7428 | D:7      | Found a staircase to the Ecumenical Temple.
  7579 | Temple   | Entered the Ecumenical Temple
  7585 | Temple   | Became a worshipper of Uskayaw the Reveller
  7634 | D:7      | Reached * piety under Uskayaw
  7636 | D:7      | Reached ** piety under Uskayaw
  7637 | D:7      | Reached *** piety under Uskayaw
  7914 | D:8      | Found a radiant altar of Vehumet.
  7950 | D:8      | Reached **** piety under Uskayaw
  7966 | D:8      | Reached ***** piety under Uskayaw
  7971 | D:8      | Reached ****** piety under Uskayaw
  7972 | D:8      | Reached XP level 10. HP: 57/84 MP: 5/10
  8192 | D:8      | Found Gyvuob's General Store.
  8378 | D:8      | Bought a potion of heal wounds for 65 gold pieces
  8575 | D:8      | Found a blossoming altar of Fedhas.
  8680 | D:8      | You fall into a shaft and drop 3 floors!
  8779 | D:11     | Noticed a centaur warrior
  8795 | D:11     | Killed a centaur warrior
  8973 | D:10     | Entered Level 10 of the Dungeon
  8999 | D:10     | Found an ancient bone altar of Kikubaaqudgha.
  9178 | D:10     | Reached skill level 15 in Axes
 10108 | D:9      | Found a burning altar of Makhleb.
 10109 | D:9      | Found a snail-covered altar of Cheibriados.
 10111 | D:9      | Found a hazy altar of Hepliaklqana.
 10113 | D:9      | Found a shimmering blue altar of Sif Muna.
 10114 | D:9      | Found an opulent altar of Gozag.
 10217 | D:9      | Reached XP level 11. HP: 70/94 MP: 11/11
 10974 | D:9      | Upgraded the game from 0.30-a0-561-g1b0378597e to
                  | 0.30-a0-575-g6f4a10e2d2
 11103 | D:10     | Noticed a sun demon
 11121 | D:10     | Killed a sun demon
 11481 | D:10     | Found a staircase to the Lair.
 11887 | D:10     | Found a staircase to the Orcish Mines.
 11887 | D:10     | Noticed a sixfirhy
 11904 | D:10     | Killed a sixfirhy
 11905 | D:10     | Reached skill level 10 in Armour
 12704 | D:6      | Bought a potion of invisibility for 96 gold pieces
 12704 | D:6      | Bought 2 potions of haste for 240 gold pieces
 12775 | Lair:1   | Entered Level 1 of the Lair of Beasts
 13711 | Lair:2   | Reached XP level 12. HP: 68/106 MP: 12/12
 13854 | Lair:2   | Reached skill level 10 in Fighting
 13937 | Lair:2   | Reached skill level 1 in Invocations
 15255 | Lair:3   | Noticed a death yak
 15430 | Lair:3   | Found a hole to the Spider Nest.
 15491 | Lair:3   | Found a staircase to the Swamp.
 15512 | Lair:3   | Reached skill level 5 in Invocations
 15898 | Lair:3   | Noticed a death yak
 15899 | Lair:3   | Noticed a death yak
 15922 | Lair:2   | Killed a death yak
 15993 | Lair:3   | Killed a death yak
 16021 | Lair:3   | Noticed a death yak
 16021 | Lair:3   | Noticed a death yak
 16022 | Lair:3   | Noticed a death yak
 16044 | Lair:2   | Killed a death yak
 16075 | Lair:3   | Reached XP level 13. HP: 112/116 MP: 17/17
 16893 | Lair:4   | Noticed Snorg
 16907 | Lair:4   | Killed Snorg
 17253 | Lair:4   | Found a staircase to the Slime Pits.
 17746 | Lair:4   | Reached skill level 1 in Maces & Flails
 18044 | Lair:4   | Identified the amulet "Taghoari" {Reflect rPois Will+ Str+2
                  | Int-5 SH+5}
 18585 | Lair:5   | Entered Level 5 of the Lair of Beasts
 18987 | Lair:4   | HP: 6/122 [komodo dragon (19)]
 19291 | Lair:3   | Reached XP level 14. HP: 65/129 MP: 20/20
 20130 | Lair:5   | Reached skill level 10 in Invocations
 20873 | Orc:1    | Entered Level 1 of the Orcish Mines
 20873 | Orc:1    | Noticed Harold
 20881 | Orc:1    | Killed Harold
 20891 | Orc:1    | Found a one-way gate to the infinite horrors of the Abyss.
 20891 | Orc:1    | Found a corrupted altar of Lugonu.
 21348 | Orc:1    | Noticed Jorgrun
 21383 | Orc:1    | Killed Jorgrun
 21399 | Orc:1    | Reached skill level 5 in Maces & Flails
 21645 | Orc:2    | Entered Level 2 of the Orcish Mines
 21656 | Orc:2    | Reached skill level 5 in Dodging
 21864 | Orc:2    | Found a staircase to the Elven Halls.
 22334 | Orc:2    | Reached skill level 10 in Shields
 22343 | Orc:2    | Reached XP level 15. HP: 125/138 MP: 23/23
 22377 | Orc:2    | Found Izxupytt's Book Emporium.
 22377 | Orc:2    | Found Syruiski's Book Shop.
 22380 | Orc:2    | Found Esohid's Jewellery Shoppe.
 22380 | Orc:2    | Found Kar Rimp's Assorted Antiques.
 22579 | Orc:2    | Bought a viscous amethyst potion for 28 gold pieces
 22579 | Orc:2    | Bought 2 inky potions for 57 gold pieces
 23076 | D:11     | Got the Monograph on Outbursts and Changing
 23280 | D:11     | Reached skill level 15 in Fighting
 23487 | D:11     | Noticed Grum
 23495 | D:11     | Killed Grum
 23822 | D:11     | Found a runed translucent door.
 24413 | D:11     | Found a runed translucent door.
 24652 | D:11     | Identified the +2 robe "Darist" {rC+}
 24654 | D:11     | Got the Vademecum on Incandescence and Fascination
 25558 | D:12     | Identified the +7 war axe of the Hurting Shrike {venom,
                  | rElec Will+}
 26580 | D:14     | Found a gate to the Vaults.
 26602 | D:14     | Found a gate leading to a gauntlet.
 26611 | Gauntlet | Entered a Gauntlet
 26611 | Gauntlet | Found a transporter.
 26611 | Gauntlet | Found a transporter.
 26611 | Gauntlet | Found a runed translucent gate.
 26717 | Gauntlet | Upgraded the game from 0.30-a0-575-g6f4a10e2d2 to
                  | 0.30-a0-576-g89cddaab80
 26719 | Gauntlet | Found a runed translucent gate.
 26720 | Gauntlet | Found a runed translucent gate.
 26726 | Gauntlet | Found a transporter.
 26729 | Gauntlet | Found a transporter.
 26737 | Gauntlet | Found a transporter.
 26740 | Gauntlet | Found a transporter.
 26748 | Gauntlet | Found a transporter.
 26766 | Gauntlet | Found a transporter.
 26783 | Gauntlet | Found a transporter.
 26786 | Gauntlet | Found a transporter.
 26800 | Gauntlet | Found a transporter.
 26803 | Gauntlet | Found a transporter.
 27006 | Gauntlet | Identified the +8 plate armour of the Bulwark {rElec}
 27006 | Gauntlet | Identified the +5 kite shield "Buymiff" {Rampage Will+}
 27063 | Gauntlet | Got the Cyclopedia of Stolen Souls
 27067 | Gauntlet | Reached skill level 15 in Armour
 27067 | Gauntlet | Reached XP level 16. HP: 128/151 MP: 25/25
 27132 | D:14     | Found a frozen archway.
 27138 | IceCv    | Entered an ice cave
 27173 | IceCv    | Reached XP level 17. HP: 37/158 MP: 26/26
 27558 | IceCv    | Noticed a lich
 27606 | IceCv    | Killed a lich
 27669 | IceCv    | Found an ancient bone altar of Kikubaaqudgha.
 28471 | D:14     | Found a roughly hewn altar of Beogh.
 28523 | D:14     | Reached skill level 1 in Evocations
 28809 | D:15     | Entered Level 15 of the Dungeon
 29018 | D:15     | Found a runed translucent door.
 29084 | D:15     | Found a staircase to the Depths.
 29382 | D:15     | Found a portal to a secret trove of treasure.
 29849 | D:15     | Identified the +6 broad axe "Xode" {protect, Fragile rN+
                  | Int+3}
 30317 | Spider:1 | Entered Level 1 of the Spider Nest
 30944 | Spider:1 | Reached XP level 18. HP: 170/170 MP: 27/27
 31360 | Spider:2 | Reached skill level 5 in Evocations
 32002 | Spider:3 | Found a runed translucent door.
 32002 | Spider:3 | Noticed EnegeticOcto's ghost (adept DjGl)
 32040 | Spider:3 | Noticed Arachne
 32046 | Spider:3 | Reached skill level 15 in Shields
 32056 | Spider:3 | Killed Arachne
 32065 | Spider:3 | HP: 5/171 [Arachne the simulacrum (51)]
 33357 | Spider:3 | Killed EnegeticOcto's ghost
 33387 | Spider:4 | Entered Level 4 of the Spider Nest
 33412 | Spider:4 | Gained mutation: Your magical capacity is low. (-10% MP)
                  | [mutagenic glow]
 33424 | Spider:3 | Gained mutation: You sometimes lose your temper in combat.
                  | [mutagenic glow]
 34616 | Spider:4 | Reached XP level 19. HP: 149/180 MP: 26/26
 35180 | Spider:4 | Got a gossamer rune of Zot
 35256 | Spider:4 | Found a transporter.
 35261 | Spider:4 | Noticed Hirum's ghost (journeyman FeAE)
 35263 | Spider:4 | Noticed WienerDreamer's ghost (adept MiFi)
 35277 | Spider:4 | Found a transporter.
 35279 | Spider:4 | Noticed Aizul
 35299 | Spider:4 | Killed Aizul
 35443 | Spider:4 | Killed Hirum's ghost
 35447 | Spider:4 | Killed WienerDreamer's ghost
 35630 | Swamp:1  | Entered Level 1 of the Swamp
 37179 | Swamp:3  | Noticed Mara
 37180 | Swamp:3  | Noticed Mlamla's illusion
 37412 | Swamp:3  | Noticed Mlamla's illusion
 37422 | Swamp:3  | Killed Mara
 37869 | Swamp:4  | Entered Level 4 of the Swamp
 37983 | Swamp:4  | Reached skill level 15 in Invocations
 39031 | Swamp:4  | Reached XP level 20. HP: 186/193 MP: 28/28
 39569 | Swamp:4  | Got a decaying rune of Zot
 39869 | Elf:1    | Entered Level 1 of the Elven Halls
 40150 | Elf:1    | Paralysed by an air elemental for 1 turns
 40516 | Elf:1    | Noticed Roxanne
 40543 | Elf:1    | Killed Roxanne
 40694 | Elf:2    | Noticed LetschGu's ghost (adept SpVM)
 40980 | Elf:2    | Found Qohattih's Antique Weapon Emporium.
 40981 | Elf:2    | Paralysed by an air elemental for 1 turns
 41219 | Elf:2    | Found a runed translucent door.
 41368 | Elf:2    | Found a runed translucent gate.
 41368 | Elf:2    | Found a runed translucent gate.
 41379 | Elf:2    | Found a runed translucent gate.
 41431 | Elf:2    | Killed LetschGu's ghost
 41494 | Elf:3    | Entered Level 3 of the Elven Halls
 41723 | Elf:2    | Found an ancient bone altar of Kikubaaqudgha.
 42627 | Elf:3    | Identified the +4 glaive of the Nurturing Gods {heavy,
                  | *Rage rN+ Str+4 Int+2}
 42627 | Elf:3    | Identified the +0 hand axe of the Crypt {venom, rN+}
 43415 | Elf:3    | Identified the +1 robe of Oblivion {Drain rPois rC+ rN+}
 43607 | Elf:3    | Reached XP level 21. HP: 199/203 MP: 30/30
 43677 | Elf:3    | Noticed Zenata
 43690 | Elf:3    | Killed Zenata
 44193 | Elf:3    | Identified the +4 spear of Immorality {venom, rC++}
 44336 | Elf:3    | Identified the +8 dagger "Rummage" {antimagic, rN+ Will+++
                  | Stlth+}
 44340 | Elf:3    | Identified the +6 whip "Trog's Outrage" {freeze, rF+ Dex+2}
 44343 | Elf:3    | Identified the +0 storm dragon scales of Orthodoxy {rElec
                  | Str+3}
 44347 | Elf:3    | Identified the +5 scale mail of Bynofid {rN+++ Str-5 Int+5}
 45227 | Vaults:1 | Entered Level 1 of the Vaults
 45349 | Vaults:1 | Found Jeunaig's Antique Armour Boutique.
 45386 | Vaults:1 | Noticed Nikola
 45400 | Vaults:1 | Killed Nikola
 45408 | Vaults:1 | Found a magical portal.
 45418 | WizLab   | Entered Wucad Mu's Monastery
 47126 | Vaults:1 | Found Juagi's Weapon Boutique.
 47249 | Vaults:1 | Found Oqohiluc's Assorted Antiques.
 47925 | Vaults:1 | Found Tuoqeurph's Assorted Antiques.
 47938 | Vaults:1 | Bought a scroll of teleportation for 87 gold pieces
 47938 | Vaults:1 | Bought a pair of polished gloves for 275 gold pieces
 47938 | Vaults:1 | Identified the +1 pair of gloves of Good Intentions {rF++
                  | Slay+5} (You bought it in a shop on level 1 of the Vaults)
 48285 | Vaults:1 | Lost mutation: Your magical capacity is low. (-10% MP)
                  | [potion of mutation]
 48285 | Vaults:1 | Lost mutation: You sometimes lose your temper in combat.
                  | [potion of mutation]
 48285 | Vaults:1 | Gained mutation: Your spells are a little harder to cast,
                  | but a little more powerful. [potion of mutation]
 48285 | Vaults:1 | Gained mutation: You occasionally shout uncontrollably at
                  | your foes. [potion of mutation]
 48285 | Vaults:1 | Gained mutation: You expend magic power (3 MP) to
                  | strengthen your wands. [potion of mutation]
 48426 | Vaults:2 | Reached XP level 22. HP: 203/217 MP: 34/34
 48909 | Vaults:2 | Found a transporter.
 48909 | Vaults:2 | Found a transporter.
 49542 | Vaults:2 | Got Sif Muna's Catalogue of Turbulent Misery
 49952 | Vaults:3 | Identified the +2 robe of Devotion {rElec}
 50088 | Vaults:3 | Noticed Asterion
 50096 | Vaults:3 | Killed Asterion
 50984 | Vaults:3 | Found a staircase to the Crypt.
 51836 | Vaults:4 | Found a runed translucent gate.
 51836 | Vaults:4 | Found a runed translucent gate.
 51836 | Vaults:4 | Found a runed translucent gate.
 51837 | Vaults:4 | Noticed Corraure's ghost (adept FoFi)
 52011 | Vaults:4 | Reached XP level 23. HP: 221/229 MP: 35/35
 52015 | Vaults:4 | Found Huhink's Book Emporium.
 52020 | Vaults:4 | Bought a manual of Dodging for 960 gold pieces
 52886 | D:15     | Upgraded the game from 0.30-a0-576-g89cddaab80 to
                  | 0.30-a0-585-g93115170b9
 52887 | Depths:1 | Entered Level 1 of the Depths
 53558 | Depths:1 | Found a gateway to Hell.
 53580 | Depths:1 | Found a one-way gateway to a ziggurat.
 53633 | Depths:1 | Found a one-way gate leading to the halls of Pandemonium.
 54007 | Depths:1 | Noticed a juggernaut
 54016 | Depths:1 | Killed a juggernaut
 54645 | Depths:2 | Noticed a caustic shrike
 54655 | Depths:2 | Killed a caustic shrike
 54668 | Depths:2 | Reached XP level 24. HP: 105/243 MP: 35/35
 54684 | Depths:2 | HP: 10/243 [spriggan rider/+0 spear (21)]
 54697 | Depths:2 | HP: 11/243 [spriggan rider/+0 spear (7)]
 55392 | Depths:2 | Reached skill level 10 in Dodging
 56184 | Depths:3 | Noticed a juggernaut
 56235 | Depths:3 | Found Hekori's Distillery.
 56235 | Depths:3 | Found Aggameff's Distillery.
 56238 | Depths:3 | Found Zeablig's Antique Weapon Shoppe.
 56246 | Depths:3 | Bought a potion of might for 52 gold pieces
 56478 | Depths:3 | Found a runed translucent gate.
 56478 | Depths:3 | Found a runed translucent gate.
 56478 | Depths:3 | Found a runed translucent gate.
 56508 | Depths:3 | Identified a scroll of acquirement
 56705 | Depths:3 | Noticed a juggernaut
 57028 | Depths:3 | Killed a juggernaut
 57202 | Depths:3 | Killed a juggernaut
 57872 | Depths:3 | Noticed a juggernaut
 57882 | Depths:3 | Killed a juggernaut
 58505 | Depths:4 | Entered Level 4 of the Depths
 58834 | Depths:4 | Noticed Xtahua
 58843 | Depths:4 | Killed Xtahua
 59061 | Depths:4 | Reached XP level 25. HP: 255/255 MP: 35/35
 59724 | Depths:4 | Noticed a juggernaut
 59733 | Depths:4 | Killed a juggernaut
 59734 | Depths:4 | Reached skill level 27 in Fighting
 60107 | Depths:4 | Found a gate to the Realm of Zot.
 60559 | D:6      | Bought a potion of mutation for 224 gold pieces
 60559 | D:6      | Bought a scroll of blinking for 210 gold pieces
 61115 | Vaults:2 | Identified the +2 pair of boots of Odyh Bei {*Corrode rElec
                  | rF++ Int-2}
 61117 | Vaults:2 | Identified the ring "Momnucot" {Drain Fly rC++ Int+7}
 61135 | Vaults:2 | Identified the ring of Doppofatz {rF+ Slay+2}
 61612 | Orc:2    | Bought the ring of Ymuwoaf {Fire rN++ Int-4 Dex+8} for 712
                  | gold pieces
 61990 | Vaults:4 | Killed Corraure's ghost
 62630 | Vaults:5 | Entered Level 5 of the Vaults
 63680 | Vaults:5 | Reached XP level 26. HP: 256/266 MP: 36/36
 63941 | Vaults:5 | Identified the ring of the Queen {rPois Stlth+}
 64419 | Vaults:5 | Noticed a dread lich
 64515 | Vaults:4 | Killed a dread lich
 64516 | Vaults:4 | Reached skill level 10 in Maces & Flails
 65005 | Vaults:5 | Got a silver rune of Zot
 65381 | Vaults:5 | Identified the +10 sling "Befoogha" {flame, Contam *Corrode
                  | rN++ Dex+9}
 66355 | Depths:3 | Acquired a manual of Translocations
 66460 | Zot:1    | Entered Level 1 of the Realm of Zot
 67468 | Zot:1    | Noticed an orb of fire
 67472 | Zot:1    | Gained mutation: You are clumsy. (Dex -2) [an orb of fire]
 67488 | Zot:1    | Killed an orb of fire
 67534 | Zot:1    | Noticed an orb of fire
 67546 | Zot:1    | Killed an orb of fire
 68076 | Zot:2    | Reached XP level 27. HP: 266/273 MP: 36/36
 68084 | Zot:2    | Identified the +1 pair of boots of Pan-Flutes {*Corrode rC+
                  | Int+4 Stlth+}
 71092 | Zot:5    | Entered Level 5 of the Realm of Zot
 71500 | Zot:5    | Noticed an ancient lich
 71530 | Zot:5    | Killed an ancient lich
 71765 | Zot:5    | Noticed an orb of fire
 71789 | Zot:5    | Killed an orb of fire
 71815 | Zot:5    | Noticed an ancient lich
 71823 | Zot:5    | Noticed an orb of fire
 71824 | Zot:5    | Killed an orb of fire
 71827 | Zot:5    | Noticed an ancient lich
 71836 | Zot:5    | Killed an ancient lich
 71848 | Zot:5    | Killed an ancient lich
 72179 | Zot:5    | Noticed an orb of fire
 72190 | Zot:5    | Gained mutation: Your flesh is heat resistant. (rF+) [an
                  | orb of fire]
 72191 | Zot:5    | Gained mutation: You sometimes lose your temper in combat.
                  | [an orb of fire]
 72203 | Zot:5    | Gained mutation: You occasionally lose the ability to drink
                  | potions when taking damage. [an orb of fire]
 72204 | Zot:5    | Noticed an ancient lich
 72211 | Zot:5    | Killed an orb of fire
 72218 | Zot:5    | Noticed an ancient lich
 72219 | Zot:5    | Killed an ancient lich
 72219 | Zot:5    | Noticed a dread lich
 72227 | Zot:5    | Killed a dread lich
 72249 | Zot:5    | HP: 11/271 [something (8)]
 73070 | Crypt:1  | Entered Level 1 of the Crypt
 73668 | Crypt:1  | Lost mutation: You are clumsy. (Dex -2) [potion of
                  | mutation]
 73668 | Crypt:1  | Lost mutation: You occasionally shout uncontrollably at
                  | your foes. [potion of mutation]
 73668 | Crypt:1  | Gained mutation: You are frail. (-10% HP) [potion of
                  | mutation]
 73668 | Crypt:1  | Gained mutation: You are very frail. (-20% HP) [potion of
                  | mutation]
 73669 | Crypt:1  | Lost mutation: You sometimes lose your temper in combat.
                  | [potion of mutation]
 73669 | Crypt:1  | Lost mutation: You are very frail. (-20% HP) [potion of
                  | mutation]
 73669 | Crypt:1  | Gained mutation: You are agile. (Dex +4, Str/Int -1)
                  | [potion of mutation]
 73669 | Crypt:1  | Gained mutation: You have sharp toenails. [potion of
                  | mutation]
 74274 | Crypt:2  | Identified the ring "Paod" {Ice rN+ Int+2}
 74274 | Crypt:2  | Noticed Josephina
 74293 | Crypt:2  | Killed Josephina
 74571 | Crypt:3  | Entered Level 3 of the Crypt
 74831 | Crypt:3  | Found a staircase to the Tomb.
 74912 | Crypt:3  | Noticed an ancient lich
 74947 | Crypt:3  | Killed an ancient lich
 75834 | Crypt:3  | Noticed an ancient lich
 75859 | Crypt:3  | Killed an ancient lich
 76571 | Orc:1    | Voluntarily entered the Abyss.
 76571 | Abyss:1  | Found a corrupted altar of Lugonu.
 76586 | Abyss:1  | Found a corrupted altar of Lugonu.
 76654 | Abyss:1  | Gained mutation: Your body sometimes deteriorates upon
                  | taking damage. [a neqoxec]
 76818 | Abyss:2  | Found a corrupted altar of Lugonu.
 76824 | Abyss:2  | Found a corrupted altar of Lugonu.
 76824 | Abyss:2  | Found a corrupted altar of Lugonu.
 76843 | Abyss:2  | Lost mutation: You are agile. (Dex +4, Str/Int -1) [a
                  | neqoxec]
 76960 | Abyss:2  | Reached skill level 10 in Evocations
 77070 | Orc:1    | Escaped the Abyss
 77199 | Orc:1    | Voluntarily entered the Abyss.
 77230 | Abyss:2  | Found a corrupted altar of Lugonu.
 77255 | Abyss:2  | Found a corrupted altar of Lugonu.
 77261 | Abyss:3  | Found a corrupted altar of Lugonu.
 77272 | Abyss:3  | Found a corrupted altar of Lugonu.
 77274 | Abyss:3  | Found a corrupted altar of Lugonu.
 77318 | Abyss:4  | Found a corrupted altar of Lugonu.
 77330 | Abyss:4  | Found a corrupted altar of Lugonu.
 77332 | Abyss:4  | Found a corrupted altar of Lugonu.
 77332 | Abyss:4  | Found a corrupted altar of Lugonu.
 77445 | Abyss:4  | Found a corrupted altar of Lugonu.
 77470 | Abyss:4  | Gained mutation: You have hidden genetic defects. [a
                  | cacodemon]
 77472 | Abyss:4  | Gained mutation: You are dopey. (Int -2) [a cacodemon]
 77484 | Abyss:4  | Found a corrupted altar of Lugonu.
 77494 | Abyss:4  | Gained mutation: You are weak. (Str -2) [a cacodemon]
 77562 | Abyss:4  | Found a corrupted altar of Lugonu.
 77608 | Abyss:4  | Reached skill level 27 in Shields
 77693 | Abyss:5  | Lost mutation: Your body sometimes deteriorates upon taking
                  | damage. [potion of mutation]
 77693 | Abyss:5  | Lost mutation: You have hidden genetic defects. [potion of
                  | mutation]
 77693 | Abyss:5  | Lost mutation: You expend magic power (3 MP) to strengthen
                  | your wands. [potion of mutation]
 77693 | Abyss:5  | Gained mutation: Your flesh is cold resistant. (rC+)
                  | [potion of mutation]
 78002 | Abyss:5  | Got an abyssal rune of Zot
 78266 | Abyss:6  | Found a corrupted altar of Lugonu.
 78287 | Orc:1    | Escaped the Abyss
 78462 | D:15     | You showed the abyssal rune of Zot to enter a treasure
                  | trove
 78463 | Trove    | Entered a treasure trove
 79017 | Pan      | Entered Pandemonium
 79071 | Pan      | Found an exit through the horrors of the Abyss.
 79087 | Pan      | Reached skill level 1 in Stealth
 79134 | Pan      | Noticed Daddong the pandemonium lord
 79150 | Pan      | Killed Daddong the pandemonium lord
 79267 | Pan      | Entered the realm of Lom Lobon.
 79348 | Pan      | Identified the +0 tower shield "Celikk" {rF+ Will+ Regen+}
 79352 | Pan      | Identified the +3 leather armour of Byhebris {-Cast rC+
                  | Dex+7}
 80287 | Pan      | Noticed Lom Lobon
 80321 | Pan      | Killed Lom Lobon
 80652 | Pan      | Got a magical rune of Zot
 80710 | Pan      | Reached skill level 5 in Stealth
 80789 | Pan      | Entered the realm of Mnoleg.
 80792 | Pan      | Gained mutation: You sometimes lose your temper in combat.
                  | [a cacodemon]
 80983 | Pan      | Lost mutation: You sometimes lose your temper in combat. [a
                  | neqoxec]
 81073 | Pan      | Found an exit through the horrors of the Abyss.
 81321 | Pan      | Gained mutation: You are very frail. (-20% HP) [a neqoxec]
 81336 | Pan      | Noticed Mnoleg
 81336 | Pan      | Killed Mnoleg
 81337 | Pan      | Reached skill level 15 in Maces & Flails
 81339 | Pan      | Lost mutation: Your spells are a little harder to cast, but
                  | a little more powerful. [a neqoxec]
 81368 | Pan      | Gained mutation: You are extremely frail. (-30% HP) [a
                  | neqoxec]
 81428 | Pan      | Gained mutation: You occasionally lose the ability to read
                  | scrolls when taking damage. [a cacodemon]
 81533 | Pan      | Gained mutation: Your body sometimes deteriorates upon
                  | taking damage. [a cacodemon]
 81595 | Pan      | Gained mutation: You are very weak. (Str -4) [a neqoxec]
 81640 | Pan      | Got a glowing rune of Zot
 81725 | Pan      | Gained mutation: Your body often deteriorates upon taking
                  | damage. [a neqoxec]
 81920 | Pan      | Lost mutation: You are extremely frail. (-30% HP) [potion
                  | of mutation]
 81920 | Pan      | Lost mutation: You are very weak. (Str -4) [potion of
                  | mutation]
 81920 | Pan      | Lost mutation: Your flesh is cold resistant. (rC+) [potion
                  | of mutation]
 81920 | Pan      | Gained mutation: You are agile. (Dex +4, Str/Int -1)
                  | [potion of mutation]
 81921 | Pan      | Lost mutation: You occasionally lose the ability to drink
                  | potions when taking damage. [potion of mutation]
 81921 | Pan      | Lost mutation: You occasionally lose the ability to read
                  | scrolls when taking damage. [potion of mutation]
 81921 | Pan      | Lost mutation: You are agile. (Dex +4, Str/Int -1) [potion
                  | of mutation]
 81921 | Pan      | Gained mutation: Your spells are a little harder to cast,
                  | but a little more powerful. [potion of mutation]
 82045 | Pan      | Found an exit through the horrors of the Abyss.
 82194 | Pan      | Gained mutation: You occasionally lose the ability to drink
                  | potions when taking damage. [a cacodemon]
 82209 | Pan      | Identified the +12 broad axe of Iggirelo {spect, Str+3}
 82270 | Pan      | Noticed Dayqutha the pandemonium lord
 82274 | Pan      | Killed Dayqutha the pandemonium lord
 82593 | Pan      | Entered the realm of Cerebov.
 82756 | Pan      | Got a fiery rune of Zot
 82771 | Pan      | Found the +6 sword of Cerebov {flame}
 82771 | Pan      | Noticed Cerebov
 82781 | Pan      | Killed Cerebov
 83104 | Pan      | Got Sif Muna's Folio of Plutonic Chilblains
 83213 | Pan      | Identified the +1 ring mail of the Unbroken {rElec Dex+3
                  | Stlth+}
 83336 | Pan      | Reached skill level 10 in Stealth
 83675 | Pan      | Identified the +1 quarterstaff of Recklessness {flame, MP+9
                  | Str+3 Int+4}
 83677 | Pan      | Identified the ring "Eratuk" {rPois Str+4}
 83739 | Pan      | HP: 8/218 [efreet/+1 scimitar of flaming (6)]
 84148 | Pan      | Identified the +8 glaive "Plojy" {flame, Will+}
 84269 | Pan      | Identified the ring "Hero's Friend" {Fly rElec rC+ Str+2
                  | Dex+2}
 84460 | Pan      | Identified the +2 plate armour of Okawaru's Anger {Rampage
                  | Will++ Dex+4}
 84614 | Pan      | Entered the realm of Gloorx Vloq.
 84845 | Pan      | Found an exit through the horrors of the Abyss.
 85583 | Pan      | Got a dark rune of Zot
 85630 | Pan      | Noticed Gloorx Vloq
 85642 | Pan      | Killed Gloorx Vloq
 86130 | Pan      | Upgraded the game from 0.30-a0-585-g93115170b9 to
                  | 0.30-a0-586-g23e55c9e0a
 86163 | Pan      | Found an exit through the horrors of the Abyss.
 86205 | Pan      | Noticed Inlej the pandemonium lord
 86212 | Pan      | Killed Inlej the pandemonium lord
 86250 | Pan      | Paralysed by accursed screaming for 1 turns
 86283 | Pan      | Noticed Kaojoas the pandemonium lord
 86284 | Pan      | Killed Kaojoas the pandemonium lord
 87263 | Pan      | Found an exit through the horrors of the Abyss.
 87499 | Pan      | Found a runed translucent door.
 87518 | Pan      | Got a demonic rune of Zot
 87692 | Pan      | Noticed Zubuv the pandemonium lord
 87699 | Pan      | Killed Zubuv the pandemonium lord
 87798 | Depths:1 | Escaped Pandemonium
 88251 | Zot:5    | Killed an ancient lich
 88420 | Zot:5    | Noticed an orb of fire
 88428 | Zot:5    | Killed an orb of fire
 88922 | Slime:1  | Entered Level 1 of the Pits of Slime
 88934 | Slime:1  | Gained mutation: You are very dopey. (Int -4) [a shining
                  | eye]
 88938 | Slime:1  | Gained mutation: Armour fits poorly on your strangely
                  | shaped body. [a shining eye]
 88939 | Slime:1  | Gained mutation: You are very weak. (Str -4) [a shining
                  | eye]
 88981 | Slime:1  | Gained mutation: Your magical capacity is low. (-10% MP) [a
                  | shining eye]
 88987 | Slime:1  | Gained mutation: You occasionally lose the ability to read
                  | scrolls when taking damage. [a shining eye]
 88990 | Slime:1  | Gained mutation: You are vulnerable to cold. (rC-) [a
                  | shining eye]
 89214 | Slime:2  | Reached skill level 15 in Evocations
 89222 | Slime:2  | Reached skill level 15 in Stealth
 89917 | Slime:4  | Gained mutation: You are occasionally teleported next to
                  | monsters. [a shining eye]
 90037 | Slime:5  | Entered Level 5 of the Pits of Slime
 90097 | Slime:5  | Gained mutation: You are clumsy. (Dex -2) [a shining eye]
 90098 | Slime:5  | Lost mutation: Armour fits poorly on your strangely shaped
                  | body. [a shining eye]
 90106 | Slime:5  | Noticed the Royal Jelly
 90107 | Slime:5  | Killed the Royal Jelly
 90119 | Slime:5  | Noticed Dissolution
 90121 | Slime:5  | Lost mutation: Your body often deteriorates upon taking
                  | damage. [a shining eye]
 90123 | Slime:5  | Killed Dissolution
 90217 | Slime:5  | Gained mutation: Armour fits poorly on your strangely
                  | shaped body. [a shining eye]
 90218 | Slime:5  | Found the +3 pair of mountain boots {steadfast, rC+}
 90221 | Slime:5  | Gained mutation: You are extremely frail. (-30% HP) [a
                  | shining eye]
 90306 | Slime:5  | Got a slimy rune of Zot
 90309 | Slime:5  | Identified the +2 leather armour of Action {Harm}
 90391 | Slime:5  | Identified the ring "Jymy" {Fly rPois Str+2 Int-3}
 90403 | Slime:5  | Identified the +1 pair of boots "Otaxun" {Fly rPois rF+}
 90411 | Slime:5  | Got Sif Muna's Atlas of the Serac
 90684 | Lair:4   | Lost mutation: Your magical capacity is low. (-10% MP)
                  | [potion of mutation]
 90684 | Lair:4   | Lost mutation: You are vulnerable to cold. (rC-) [potion of
                  | mutation]
 90684 | Lair:4   | Lost mutation: You are very dopey. (Int -4) [potion of
                  | mutation]
 90684 | Lair:4   | Lost mutation: Your body sometimes deteriorates upon taking
                  | damage. [potion of mutation]
 90684 | Lair:4   | Gained mutation: You expend magic power (3 MP) to
                  | strengthen your wands. [potion of mutation]
 90685 | Lair:4   | Lost mutation: You are clumsy. (Dex -2) [potion of
                  | mutation]
 90685 | Lair:4   | Lost mutation: You have sharp toenails. [potion of
                  | mutation]
 90685 | Lair:4   | Lost mutation: Armour fits poorly on your strangely shaped
                  | body. [potion of mutation]
 90685 | Lair:4   | Gained mutation: A frigid envelope surrounds you and
                  | freezes all who hurt you. [potion of mutation]
 90686 | Lair:4   | Lost mutation: Your flesh is heat resistant. (rF+) [potion
                  | of mutation]
 90686 | Lair:4   | Lost mutation: You are extremely frail. (-30% HP) [potion
                  | of mutation]
 90686 | Lair:4   | Lost mutation: You occasionally lose the ability to read
                  | scrolls when taking damage. [potion of mutation]
 90686 | Lair:4   | Lost mutation: Your spells are a little harder to cast, but
                  | a little more powerful. [potion of mutation]
 90686 | Lair:4   | Gained mutation: You have a pair of small horns on your
                  | head. [potion of mutation]
 90942 | Hell     | Entered the Vestibule of Hell
 90942 | Hell     | Noticed Geryon
 90954 | Hell     | Killed Geryon
 90987 | Hell     | Reached skill level 27 in Invocations
 91002 | Hell     | Found a gateway to the decaying netherworld of Tartarus.
 91014 | Hell     | Reached skill level 27 in Axes
 91206 | Hell     | Found a gateway to the freezing wastes of Cocytus.
 91312 | Hell     | Found a gateway to the ashen valley of Gehenna.
 91485 | Hell     | Found a gateway to the Iron City of Dis.
 91528 | Dis:1    | Entered Level 1 of the Iron City of Dis
 91721 | Dis:1    | Noticed an ancient lich
 91730 | Dis:1    | Killed an ancient lich
 92068 | Dis:5    | Noticed a dread lich
 92075 | Dis:5    | Killed a dread lich
 94321 | Tomb:1   | Entered Level 1 of the Tomb of the Ancients
 94373 | Tomb:1   | Noticed a royal mummy
 94383 | Tomb:1   | Killed a royal mummy
 94393 | Tomb:1   | Noticed a royal mummy
 94401 | Tomb:1   | Killed a royal mummy
 94689 | Tomb:1   | Noticed a royal mummy
 94689 | Tomb:1   | Noticed a royal mummy
 94689 | Tomb:1   | Noticed a royal mummy
 94700 | Tomb:1   | Killed a royal mummy
 94701 | Tomb:1   | Killed a royal mummy
 94703 | Tomb:1   | Killed a royal mummy
 94703 | Tomb:1   | Noticed a royal mummy
 94709 | Tomb:1   | Killed a royal mummy
 94810 | Tomb:1   | Noticed a royal mummy
 94810 | Tomb:1   | Noticed a royal mummy
 94816 | Tomb:1   | Noticed a royal mummy
 94818 | Tomb:1   | Killed a royal mummy
 94822 | Tomb:1   | Killed a royal mummy
 94826 | Tomb:1   | Killed a royal mummy
 94839 | Tomb:1   | Noticed a royal mummy
 94846 | Tomb:1   | Killed a royal mummy
 94974 | Tomb:1   | Noticed a royal mummy
 94974 | Tomb:1   | Noticed a royal mummy
 94974 | Tomb:1   | Noticed a royal mummy
 94974 | Tomb:1   | Noticed a royal mummy
 94975 | Tomb:1   | Noticed a royal mummy
 94975 | Tomb:1   | Noticed a royal mummy
 94975 | Tomb:1   | Noticed a royal mummy
 94981 | Tomb:1   | Killed a royal mummy
 94981 | Tomb:1   | Killed a royal mummy
 94983 | Tomb:1   | Killed a royal mummy
 94987 | Tomb:1   | Killed a royal mummy
 94988 | Tomb:1   | Killed a royal mummy
 94989 | Tomb:1   | Killed a royal mummy
 94994 | Tomb:1   | Killed a royal mummy
 95264 | Tomb:2   | Noticed a royal mummy
 95270 | Tomb:2   | Killed a royal mummy
 95282 | Tomb:2   | Noticed a royal mummy
 95304 | Tomb:1   | HP: 10/218 [something (8)]
 96155 | Depths:3 | Bought a potion of lignification for 39 gold pieces
 96155 | Depths:3 | Bought a potion of heal wounds for 65 gold pieces
 96155 | Depths:3 | Bought a potion of heal wounds for 65 gold pieces
 96155 | Depths:3 | Bought a potion of curing for 39 gold pieces
 96155 | Depths:3 | Bought a potion of curing for 39 gold pieces
 96969 | D:11     | Acquired 895 gold pieces
 97675 | Tomb:2   | Noticed a royal mummy
 97690 | Tomb:2   | Noticed a royal mummy
 97692 | Tomb:2   | Killed a royal mummy
 97702 | Tomb:2   | Killed a royal mummy
 97703 | Tomb:2   | Killed a royal mummy
 98968 | Tomb:3   | Entered Level 3 of the Tomb of the Ancients
 98973 | Tomb:3   | Noticed Boris
 98978 | Tomb:3   | Noticed a royal mummy
 98987 | Tomb:3   | Noticed a royal mummy
 98991 | Tomb:3   | Noticed a royal mummy
 98991 | Tomb:3   | Noticed a royal mummy
 99008 | Tomb:3   | HP: 13/327 [royal mummy/divine providence (12)]
 99008 | Tomb:3   | Slain by an ushabti

Illustrated notes

Levels and vault maps discovered:
D:1:      shiori_arrival_whats_in_store_for_you, layout_basic
D:2:      layout_basic, minmay_snake_closets, uniq_jessica
D:3:      layout_loops_ring, lemuel_coloured_pillars_altar,
          nicolae_overflow_two_pavilions, gup_sewer_entry_glass,
          corexii_corridor_pit
D:4:      layout_basic, serial_shops, shop, minivault_24
D:5:      layout_layer_cave, corexii_shack, uniq_edmund
D:6:      lemuel_ice_spiral_2, layout_basic, nicolae_wooded_promenade,
          uniq_maggie
D:7:      layout_cave_pools, lemuel_round_altar, temple_doors_ab,
          uniq_crazy_yiuf_cottage
D:8:      layout_basic, kennysheep_little_box, fedhas_altar_1, serial_shops,
          shop, st_stairs_11
D:9:      layout_stronghold, grunt_temple_overflow_open
D:10:     layout_basic, kiku_gazebo_pond_becter, dpeg_oklobed_lair,
          zombieorc2_lemuel, serial_demonic, serial_demonic_f, serial_demonic_b,
          serial_demonic_e, serial_demonic_c, nooodl_orcs_dogs
D:11:     minmay_the_grid_triangle_9x9_rhombus_thin
          [minmay_the_grid_triangle_9x9_alien,
          minmay_the_grid_triangle_9x9_prize_schism,
          minmay_the_grid_triangle_9x9_tough_junction,
          minmay_the_grid_triangle_9x9_dagger], layout_stronghold, uniq_grum
D:12:     layout_basic
D:13:     layout_roguey
D:14:     layout_rooms, ximxim_vaults_locker_room, portal_ice_cave_entry_dragon,
          special_room [special_room_orc], grunt_decor_one_mirror,
          gauntlet_entry_generic, kennysheep_boxes
D:15:     hangedman_depths_entry_try_elsewhere_first, layout_loops_ring,
          nicolae_trove_entry_crystal, serial_park_fountain, minmay_crystal_box
Temple:   eino_wide_crystal_templ
Lair:1:   layout_chaotic_city
Lair:2:   layout_cave_shapes, eino_small_chamber_without_monster,
          grunt_megastairs_3, infiniplex_staircase_pool_2
Lair:3:   layout_cave_pods, swamp_mist, spider_nest_entry_webs,
          serial_bayou_shore_b, infiniplex_staircase_pool, grunt_megastairs_4
Lair:4:   layout_regular_city, slime_entry_1, nzn_random_ring, uniq_snorg
Lair:5:   hangedman_lair_tendril_chambers, layout_cave_shapes
Swamp:1:  layout_basic_swamp, evilmike_swamp_ruin_house_3,
          hangedman_swamp_wriggling
Swamp:2:  layout_falls_marsh, nicolae_swamp_oxbows
Swamp:3:  layout_basic_swamp, hangedman_swamp_blocks, uniq_mara
Swamp:4:  swamp, layout_basic_swamp, swamp_pool2
Spider:1: layout_spider_delve, nicolae_spider_checkerboard
Spider:2: nicolae_spider_jumping_over_cracks [nicolae_spider_jumping_sub_empty,
          nicolae_spider_jumping_sub_moat, nicolae_spider_jumping_sub_grid,
          nicolae_spider_jumping_sub_notch]
Spider:3: layout_spider_delve, gammafunk_ghost_grave, uniq_arachne
Spider:4: hellmonk_spider_rune_endless_swarm, nzn_ghost_randoct,
          guppyfry_spider_mini_1, uniq_aizul
Slime:1:  layout_caves
Slime:2:  nicolae_slime_jelly_donut, layout_caves
Slime:3:  layout_caves, special_room [special_room_jelly]
Slime:4:  layout_caves
Slime:5:  uniq_dissolution
Orc:1:    layout_diamond_mine, amcnicky_altar_lugonu_corruption, uniq_harold,
          uniq_jorgrun
Orc:2:    st_orc_ogre_mass, layout_diamond_mine
Elf:1:    nicolae_elf_arrival_no_cutting_in_line, layout_loops_cross,
          minmay_elf_necromancy, uniq_roxanne
Elf:2:    elven_hall_of_blades_hangedman_original
          [nicolae_blade_entry_pointy_end], layout_geoelf_diagonals,
          hellmonk_ghost_happy_afterlife, serial_shops, shop,
          lemuel_upstairs_altar
Elf:3:    minmay_elf_hall_quartered_circle, layout_loops_corners, uniq_zenata
Vaults:1: infiniplex_enter_wizlab_water, grunt_vaults_hallway_long,
          nicolae_vaults_network_square, nicolae_vaults_stairing_the_circle,
          v_misc_24, nicolae_vaults_triangles, grunt_vaults_hallway_long,
          v_misc_16, nicolae_vaults_network_star, dpeg_vaults_monster_box,
          vaults_mumra_lcd, grunt_vaults_funnel, vaults_dpeg_emergency_exit,
          layout_vaults_omnicross, serial_shops, nicolae_square_shop,
          nicolae_shop_temple_entry_statues_fountains, shop_fountains, shop,
          uniq_nikola
Vaults:2: v_misc_28, hangedman_vaults_slither, v_rooms_4, v_misc_5, v_misc_29,
          gammafunk_the_bubble [the_bubble_gammafunk_plus_minus],
          vaults_mumra_hex, layout_vaults_omnigrid
Vaults:3: nicolae_vaults_network_s, nicolae_vaults_mini_display_case,
          vaults_mumra_chevron, vaults_room_grid, v_misc_19,
          ontoclasm_vaults_loading_screen, ontoclasm_vaults_fault,
          layout_vaults_chaotic_city, dummy_crypt_entry, uniq_asterion
Vaults:4: gammafunk_ghost_spectres, grunt_vaults_focal, v_rooms_1,
          vaults_standard_mumra_lines, nicolae_vaults_theta,
          grunt_vaults_bifocal, ontoclasm_vaults_spin,
          nicolae_vaults_specimen_jars, nicolae_vaults_c_with_doors, v_misc_5,
          nicolae_vaults_network_barrier, vaults_room_semicircle,
          layout_vaults_omnibox, serial_shops, nicolae_shop_hallway_plus
Vaults:5
Crypt:1:  layout_misc_corridors, grunt_megastairs_1, grunt_crypt_arrival_webbed
Crypt:2:  layout_gridlike, nicolae_crypt_knee_deep_in_the_dead, uniq_josephina
Crypt:3:  david_glass_crypt, layout_chaotic_city,
          nicolae_tomb_entry_grand_gallery
Tomb:1
Tomb:2
Tomb:3:   uniq_boris
Depths:1: layout_basic, enter_ziggurat_e, chequers_big_river, hell_entry,
          grunt_pan_entry_spiral, hangedman_abyss_or_decor_clamps,
          serial_bayou_pond_a, kennysheep_generic_room_7
Depths:2: little_maze_vault, layout_cave_pools, grunt_mini_vestibule,
          hangedman_abyss_entry_splay, pan_entry, serial_bayou_lagoon_b
Depths:3: lemuel_castle_with_subvaults [lemuel_castle_interior_carwin_3],
          layout_gridlike, hell_entry, moated_statue, rand_demon_pan_entry_8,
          abyss_entry_crystal, pandoras_box_mu, infiniplex_staircase_zigzag_5,
          minmay_shop_star
Depths:4: grunt_zot_entry_bicorn, layout_gridlike, hell_entry,
          minmay_misc_feat_four_crosses, drop_trap, uniq_xtahua
Hell
Dis:1:    layout_subdivisions
Dis:2:    layout_gridville
Dis:3:    layout_jigsaw
Dis:4:    layout_gridville, lemuel_dis_dragons
Dis:5:    layout_jigsaw, glass_columns_b, nicolae_dis_having_a_grate_time
Zot:1:    layout_misc_corridors, grunt_megastairs_2
Zot:2:    layout_gridlike
Zot:3:    layout_gridlike
Zot:4:    layout_gridlike
Zot:5:    layout_onion

Skill      XL: |  1  2  3  4  5  6  7  8  9 10 11 12 13 14 15 16 17 18 19 20 21 22 23 24 25 26 27 |
---------------+----------------------------------------------------------------------------------+-----
Axes           | 3 4 5 6 7 9 11 13 15 17 18 19 20 22 24 25 26 27 | 27.0
Fighting       | 4 5 6 7 9 11 13 14 16 17 18 19 20 22 23 25 26 27 | 27.0
Shields        | 4 5 6 7 8 10 12 14 16 17 18 20 22 27 | 27.0
Armour         | 4 5 6 7 8 10 11 12 13 15 16 17 18 19 20 21 26 | 26.1
Dodging        | 1 2 3 4 5 6 9 12 13 | 13.0
Invocations    | 6 9 11 12 13 15 16 17 18 19 27 | 27.0
Maces & Flails | 3 5 6 7 9 11 16 | 16.8
Evocations     | 4 6 7 18 | 18.0
Stealth        | 21 | 21.1

Action                   |  1- 3 |  4- 6 |  7- 9 | 10-12 | 13-15 | 16-18 | 19-21 | 22-24 | 25-27 || total
-------------------------+-------+-------+-------+-------+-------+-------+-------+-------+-------++-------
Melee: War axe           |    59 |   179 |   248 |   454 |   728 |  1011 |  1495 |  1178 |  2704 ||  8056
       Flail             |       |       |       |       |    70 |       |       |       |       ||    70
       Eveningstar       |       |       |       |       |       |    33 |    76 |       |       ||   109
       Broad axe         |       |       |       |       |       |       |       |       |  1348 ||  1348
       Headbutt          |       |       |       |       |       |       |       |       |   140 ||   140
Throw: Dart              |       |       |       |       |     3 |       |       |       |       ||     3
Invok: Grand Finale      |       |       |       |       |     1 |     2 |       |       |    23 ||    26
       Line Pass         |       |       |       |       |       |       |       |       |     9 ||     9
Evoke: Wand              |       |       |       |     2 |     3 |       |       |       |    14 ||    19
       Phial of floods   |       |       |       |       |     1 |       |       |       |       ||     1
       Horn of Geryon    |       |       |       |       |       |       |       |       |     1 ||     1
       Phantom mirror    |       |       |       |       |       |       |       |       |     1 ||     1
  Use: Scroll            |     2 |       |     8 |     3 |     6 |     9 |     5 |     2 |    36 ||    71
       Potion            |       |       |     3 |     3 |     4 |     1 |     5 |     1 |    47 ||    64
 Stab: Paralysed         |       |       |     1 |    36 |    78 |   117 |   228 |   199 |   694 ||  1353
       Distracted        |       |       |       |       |       |       |       |     1 |    34 ||    35
       Confused          |       |       |       |       |       |       |       |       |    12 ||    12
Armor: Scale mail        |    22 |    79 |     4 |       |       |       |       |       |       ||   105
       Chain mail        |       |       |   160 |   154 |   234 |       |       |       |       ||   548
       Plate armour      |       |       |       |       |    50 |   334 |   563 |   271 |    16 ||  1234
       Gold dragon scale |       |       |       |       |       |       |       |       |  1173 ||  1173
       Skin              |       |       |       |       |       |       |       |       |    90 ||    90
Dodge: Dodged            |    21 |    64 |   141 |   264 |   510 |   362 |   545 |   234 |   780 ||  2921
Block: Buckler           |    12 |    39 |    75 |    99 |   371 |       |       |       |       ||   596
       Reflection        |       |       |       |       |    17 |    13 |    83 |    36 |    84 ||   233
       Kite shield       |       |       |       |       |       |   976 |  1362 |   869 |  2786 ||  5993
       Tower shield      |       |       |       |       |       |       |       |       |   613 ||   613

Table legend: (Time is in decaauts)
 A = Elapsed time spent in this place.
 B = Non-inter-level travel time spent in this place.
 C = Inter-level travel time spent in this place.
 D = Time resting spent in this place.
 E = Time spent auto-exploring this place.
 F = Levels seen in this place.
 G = Mean time per level.
                   A        B        C        D        E       F      G
               +--------+--------+--------+--------+--------+-----+--------+
         Total |  98031 |  84612 |  13419 |  30054 |   7243 |  90 | 1089.2 |
       Dungeon |  21914 |  17742 |   4172 |   5059 |   4781 |  15 | 1460.9 |
        Temple |     12 |     12 |      0 |      0 |      0 |   1 |   12.0 |
          Lair |   8938 |   7984 |    954 |   3282 |    350 |   5 | 1787.6 |
         Swamp |   4277 |   4022 |    255 |   1658 |    459 |   4 | 1069.2 |
   Spider Nest |   5461 |   5065 |    396 |   1607 |    646 |   4 | 1365.2 |
    Slime Pits |   1701 |   1650 |     51 |    410 |      0 |   5 |  340.2 |
  Orcish Mines |   2240 |   1864 |    376 |    505 |      0 |   2 | 1120.0 |
   Elven Halls |   5014 |   4808 |    206 |   2168 |      0 |   3 | 1671.3 |
        Vaults |  12759 |   8862 |   3897 |   3379 |    516 |   5 | 2551.8 |
         Crypt |   3269 |   2733 |    536 |    576 |    359 |   3 | 1089.7 |
          Tomb |   2866 |   2456 |    410 |    818 |      0 |   3 |  955.3 |
        Depths |   8985 |   7619 |   1366 |   3170 |     15 |   4 | 2246.2 |
          Hell |    586 |    586 |      0 |    128 |      0 |   1 |  586.0 |
           Dis |    508 |    454 |     54 |    216 |      0 |   5 |  101.6 |
           Zot |   6659 |   5917 |    742 |   2185 |      0 |   5 | 1331.8 |
         Abyss |   1439 |   1439 |      0 |    192 |      1 |   7 |  205.6 |
   Pandemonium |   8452 |   8452 |      0 |   3256 |     85 |  13 |  650.2 |
         Trove |     68 |     68 |      0 |      0 |      0 |   1 |   68.0 |
         Sewer |    451 |    451 |      0 |    104 |     30 |   1 |  451.0 |
      Ice Cave |   1046 |   1046 |      0 |    623 |      0 |   1 | 1046.0 |
        Wizlab |    896 |    896 |      0 |    572 |      0 |   1 |  896.0 |
      Gauntlet |    478 |    478 |      0 |    141 |      0 |   1 |  478.0 |
               +--------+--------+--------+--------+--------+-----+--------+

Top non-repeatable levels by time:
Vaults:4: 3853 daAuts
    D:10: 3689 daAuts
Vaults:1: 3228 daAuts
   Elf:2: 2871 daAuts
  Lair:4: 2682 daAuts
Depths:3: 2617 daAuts
Vaults:2: 2610 daAuts
    D:11: 2436 daAuts
Depths:1: 2341 daAuts
Depths:4: 2288 daAuts
  Lair:3: 2129 daAuts
Spider:4: 2010 daAuts
    D:15: 1872 daAuts
Vaults:3: 1831 daAuts
  Tomb:1: 1791 daAuts
